 Dungeon Crawl Stone Soup version 0.23.2-1-ga50397a (webtiles) character file.

Game seed: 17123420527213069789

16772 Fortress the Thaumaturge (level 12, -1/88 HPs)
             Began as a Formicid Earth Elementalist on May 30, 2019.
             Was an Elder of Sif Muna.
             Slain by a wolf (5 damage)
             ... on level 3 of the Lair of Beasts.
             The game lasted 02:03:52 (15611 turns).

Fortress the Thaumaturge (FoEE)                    Turns: 15611, Time: 02:03:54

Health: -1/88      AC:  6    Str: 13    XL:     12   Next: 74%
Magic:  19/28      EV: 12    Int: 20    God:    Sif Muna [****..]
Gold:   409        SH:  0    Dex: 11    Spells: 20/35 levels left

rFire    + . .     SeeInvis +   F - staff of air
rCold    . . .     Gourm    .   (no shield)
rNeg     + . .     Faith    .   P - +2 robe {rF+}
rPois    .         Spirit   .   (helmet unavailable)
rElec    +         Reflect  .   s - +0 cloak
rCorr    .         Harm     .   (no gloves)
MR       +....                  L - +0 pair of boots
Stlth    +++.......             (no amulet)
HPRegen  0.24/turn              N - ring of positive energy
MPRegen  0.21/turn              J - ring of wizardry

@: divine energy
A: permanent stasis, dig shafts and tunnels, four strong arms, antennae 3
a: Dig, Shaft Self, Stop Divine Energy, Channel Magic, Forget Spell, Renounce
Religion


You were on level 3 of the Lair of Beasts.
You worshipped Sif Muna.
Sif Muna was greatly pleased with you.
You were hungry.

You visited 3 branches of the dungeon, and saw 14 of its levels.

You collected 554 gold pieces.
You spent 145 gold pieces at shops.

Inventory:

Hand Weapons
 f - a cursed -3 hand axe
 g - the +0 short sword of Indignation {speed, Str+2 Stlth+}
   (You took it off an orc on level 6 of the Dungeon)

   Attacks with this weapon are significantly faster.
   It affects your strength (+2).
   It makes you more stealthy.
 l - a +1 dagger of electrocution
 r - a +4 quarterstaff of chaos
 w - a +3 dagger of freezing
 A - the +7 hand crossbow of Arofytof {elec, +Blink Dex-3 Stlth+, unknown}
   (You found it on level 6 of the Dungeon)

   It charges the ammunition it shoots with electricity; occasionally upon a
   hit, such missiles may discharge and cause terrible harm.
   It affects your dexterity (-3).
   It lets you blink.
   It makes you more stealthy.
 K - a +1 mace of protection
Missiles
 i - 53 stones (quivered)
 j - 3 poisoned javelins
 p - 87 poisoned needles
Armour
 n - a +0 buckler
 s - a +0 cloak (worn)
 z - a +1 shield of positive energy
 L - a +0 pair of boots (worn)
 P - a +2 robe of fire resistance (worn)
Magical Staves
 b - an uncursed staff of power
 t - an uncursed staff of fire
 y - an uncursed staff of wizardry
 F - an uncursed staff of air (weapon)
Jewellery
 H - an uncursed ring of protection from cold
 J - a ring of wizardry (right hand)
 N - a ring of positive energy (left hand)
 R - an uncursed amulet of guardian spirit {unknown}
Wands
 c - a wand of flame (29)
 o - a wand of iceblast (6)
 D - a wand of polymorph (15)
 I - a wand of paralysis (10)
 U - a wand of disintegration (12)
Scrolls
 h - 8 scrolls of teleportation
 m - 2 scrolls of remove curse
 q - a scroll of fear
 B - a scroll of amnesia
 Q - 2 scrolls of magic mapping
Potions
 a - 4 potions of flight
 e - a potion of lignification
 u - 2 potions of might
 v - 4 potions of haste
 x - a potion of invisibility {unknown}
 C - a potion of resistance {unknown}
 E - a potion of brilliance
 G - a potion of agility {unknown}
 M - a potion of mutation
Miscellaneous
 O - a lightning rod (4/4)
Comestibles
 d - 30 rations


   Skills:
 + Level 6.0 Fighting
 - Level 0.5(2.5) Maces & Flails
 - Level 4.0 Staves
 - Level 2.0 Dodging
 - Level 7.0 Stealth
 * Level 7.7 Shields
 + Level 12.1 Spellcasting
 - Level 4.0 Conjurations
 - Level 1.1 Transmutations
 - Level 12.0 Earth Magic
 * Level 4.9 Evocations


You had 20 spell levels left.
You knew the following spells:

 Your Spells              Type           Power        Failure   Level  Hunger
a - Sandblast             Erth           ######       1%          1    None
b - Stone Arrow           Conj/Erth      #####.       1%          3    None
c - Passwall              Tmut/Erth      #####...     1%          2    None
d - Lee's Rapid Deconstr  Erth           ######....   1%          5    ####...
e - Petrify               Tmut/Erth      #####...     1%          4    #......

Your spell library contained the following spells:

 Spells                   Type           Power        Failure   Level  Hunger


Dungeon Overview and Level Annotations

Branches:
Dungeon (10/15)            Temple (1/1) D:4            Lair (3/6) D:9
  Swamp (0/4) Lair:2
  Snake: Lair:2-4    Spider: Lair:2-4       Orc: D:9-12

Altars:
Ashenzari
Cheibriados
Dithmenos
Elyvilon
Fedhas
Gozag
Hepliaklqana
Kikubaaqudgha
Makhleb
Nemelex Xobeh
Okawaru
Qazlal
Ru
Sif Muna
Trog
Uskayaw
Vehumet
Wu Jian
Xom
Yredelemnul
Zin
The Shining One

Shops:
D:4 *   D:6 *   D:7 =   D:8 (

Annotations:
D:9 3 runed translucent doors


Innate Abilities, Weirdness & Mutations

You cannot be hasted, slowed, berserked, paralysed or teleported.
You can dig through walls and to a lower floor.
Your four strong arms can wield two-handed weapons with a shield.
You have a pair of large antennae on your head. (SInv)


Message History

You kill the wolf!
Sif Muna accepts your kill.
i - 54 stones The wolf bites you but does no damage. x2; The wolf bites you.
* * * LOW HITPOINT WARNING * * *
The wolf barely misses you. The wolf bites you!
* * * LOW HITPOINT WARNING * * *
Casting: Sandblast (safe; 1% risk of failure)
Confirm with . or Enter, or press ? or * to list all spells.
Aiming: Sandblast (safe; 1% risk of failure)
Press: ? - help, Shift-Dir - straight line, f - wolf
Aim: a wolf The blast of sand misses the wolf.
i - 53 stones The wolf bites you but does no damage.
The wolf bites you.
* * * LOW HITPOINT WARNING * * *
The wolf misses you. The wolf bites you but does no damage. The wolf bites you.
* * * LOW HITPOINT WARNING * * *
The wolf barely misses you. The wolf misses you. The wolf bites you.
You die...

**,***,,* *P.# ,,**,,,,* *#..##
,,,,,,,,** ###....## ,,,,,,,,,*
####.......##* ,,,,,,,,Y##*
#.#..<.......*
,,,,,,*,...#*####......#....***
,,******....##.#.......#*,,.*,*
,** *#....##.......##**,,,,**
,* #...>...@h....##****,,,** ,*
*##....hhh......#****,,,* ,***
##.......#....#,**,,,,, ,,,**
##.....##.......****,,, *,,,*
#P.....P####....,***,,, *,,,***
##....:.# *#...,*,,,,,
**,,,,****#.......#*
*#.,,,,,,,,
***,,,**,*#........**
**,,,,,,,, *
*,*,,*,......#....*** *,,,,,,,,


You could see 4 wolves.

Vanquished Creatures
  A hydra (Lair:1)
  A two-headed ogre (D:8)
  3 death yaks
  Pikel (D:8)
  Joseph (D:8)
  3 black mambas
  Psyche (D:8)
  A spiny frog (Lair:1)
  A komodo dragon (Lair:2)
  A troll (D:9)
  A queen bee (Lair:2)
  4 hippogriffs
  10 yaks
  A basilisk (Lair:1)
  Grum (D:8)
  5 insubstantial wisps (Lair:2)
  3 porcupines
  5 orc warriors
  4 water moccasins
  A black bear (D:8)
  2 sky beasts
  A slave (D:8)
  2 phantoms (D:6)
  7 ogres
  3 centaurs
  8 wolves
  6 crocodiles
  A big kobold (D:9)
  8 bullfrogs
  27 killer bees
  A water moccasin skeleton (D:8)
  3 scorpions
  3 electric eels (D:9)
  3 wights (D:9)
  A centaur zombie (D:5)
  3 crimson imps
  A bullfrog skeleton (D:6)
  10 hounds
  6 jellies
  8 orc priests
  Crazy Yiuf (D:3)
  5 iguanas
  13 orc wizards
  3 worker ants
  2 human simulacra (D:9)
  A hound zombie (D:6)
  A worker ant zombie (D:8)
  7 gnolls
  14 adders
  4 shadow imps
  An ooze (D:1)
  2 adder skeletons (D:5)
  2 worms
  3 leopard geckos
  39 orcs
  7 bats
  3 giant cockroaches
  15 goblins
  12 hobgoblins
  3 jackals
  6 quokkas
  A ball python (D:4)
  4 frilled lizards
  10 kobolds
  3 leopard gecko skeletons
  A quokka skeleton (D:8)
  10 rats
  A butterfly (Lair:1)
327 creatures vanquished.

Vanquished Creatures (others)
  A shadow imp (D:9)
  3 fungi
4 creatures vanquished.

Grand Total: 331 creatures vanquished

Notes
Turn   | Place    | Note
-------+----------+-------------------------------------------
     0 | D:1      | Fortress the Formicid Earth Elementalist began the quest
                  | for the Orb.
     0 | D:1      | Reached XP level 1. HP: 13/13 MP: 3/3
   239 | D:1      | Reached XP level 2. HP: 19/19 MP: 1/5
   614 | D:1      | Reached XP level 3. HP: 24/24 MP: 3/6
  1157 | D:2      | Learned a level 3 spell: Stone Arrow
  1421 | D:2      | Found a white marble altar of Elyvilon.
  1544 | D:3      | Reached XP level 4. HP: 30/30 MP: 1/8
  2268 | D:3      | Reached skill level 5 in Earth Magic
  2268 | D:3      | Reached XP level 5. HP: 36/36 MP: 7/10
  2560 | D:4      | Noticed an ogre
  2564 | D:4      | Killed an ogre
  2564 | D:4      | Reached XP level 6. HP: 42/42 MP: 0/12
  2894 | D:3      | Found a runed translucent door.
  2895 | D:3      | Noticed Crazy Yiuf
  2903 | D:3      | Killed Crazy Yiuf
  3011 | D:4      | Noticed an ogre
  3015 | D:4      | Killed an ogre
  3294 | D:4      | Noticed an ogre
  3299 | D:4      | Killed an ogre
  3299 | D:4      | Reached skill level 1 in Fighting
  3299 | D:4      | Reached skill level 5 in Spellcasting
  3299 | D:4      | Reached skill level 1 in Conjurations
  3299 | D:4      | Reached XP level 7. HP: 39/48 MP: 10/14
  3383 | D:5      | Entered Level 5 of the Dungeon
  4155 | D:4      | Found Giymidd's Assorted Antiques.
  4160 | D:4      | Bought a scroll of identify for 62 gold pieces
  4160 | D:4      | Bought a scroll labeled VIZXUE PEICW for 31 gold pieces
  4273 | D:4      | Found a staircase to the Ecumenical Temple.
  4287 | Temple   | Entered the Ecumenical Temple
  4543 | D:5      | Reached skill level 5 in Stealth
  4543 | D:5      | Reached XP level 8. HP: 52/56 MP: 15/15
  4602 | D:5      | Learned a level 2 spell: Passwall
  4999 | D:5      | Found a shimmering altar of Xom.
  5001 | D:5      | Found a hazy altar of Hepliaklqana.
  5002 | D:5      | Noticed a spectral ugly thing
  5954 | D:6      | Got an encrusted hand crossbow
  6061 | D:6      | Found a hide-covered altar of Uskayaw.
  6061 | D:6      | Identified the cursed +0 short sword of Indignation {speed,
                  | Str+2 Stlth+}
  6468 | D:6      | Found Kiomaf's General Store.
  6471 | D:6      | Bought a potion of brilliance for 52 gold pieces
  6730 | D:6      | Reached skill level 1 in Staves
  6730 | D:6      | Reached XP level 9. HP: 47/61 MP: 16/16
  6968 | D:6      | Found a deep blue altar of Sif Muna.
  6968 | D:6      | Found a basalt altar of Yredelemnul.
  6977 | D:6      | Became a worshipper of Sif Muna the Loreminder
  7527 | D:8      | Reached skill level 10 in Earth Magic
  7676 | D:8      | Found a flagged portal.
  7734 | D:8      | Noticed a two-headed ogre
  7742 | D:8      | Killed a two-headed ogre
  7742 | D:8      | Reached * piety under Sif Muna
  7742 | D:8      | Reached XP level 10. HP: 46/70 MP: 17/17
  7752 | D:8      | Noticed Joseph
  8311 | D:7      | Learned a level 5 spell: Lee's Rapid Deconstruction
  8316 | D:7      | Learned a level 4 spell: Petrify
  8473 | D:7      | Found Waqaf's Jewellery Emporium.
  8588 | D:8      | Reached skill level 1 in Shields
  8589 | D:8      | Noticed Grum
  9036 | D:8      | Killed Grum
  9267 | D:8      | Killed Joseph
  9804 | D:8      | Found Nennoxza's Weapon Shoppe.
  9828 | D:8      | Noticed Pikel
  9842 | D:8      | Killed Pikel
  9911 | D:8      | Noticed Psyche
  9923 | D:8      | Killed Psyche
  9923 | D:8      | Reached ** piety under Sif Muna
  9923 | D:8      | Reached skill level 5 in Fighting
 10063 | D:8      | Reached XP level 11. HP: 79/79 MP: 21/21
 10108 | D:9      | Found a staircase to the Lair.
 11169 | D:10     | Entered Level 10 of the Dungeon
 11263 | D:9      | Reached skill level 5 in Shields
 11482 | D:9      | Reached skill level 1 in Evocations
 11802 | D:9      | Found a runed translucent gate.
 11803 | D:9      | Found a runed translucent gate.
 11804 | D:9      | Found a runed translucent gate.
 11804 | D:9      | Noticed a green ugly thing
 11807 | D:9      | Noticed a purple ugly thing
 11807 | D:9      | Noticed a white ugly thing
 11807 | D:9      | Noticed a brown ugly thing
 11807 | D:9      | Noticed a glowing orange brain
 11882 | Lair:1   | Entered Level 1 of the Lair of Beasts
 12777 | Lair:1   | Noticed a four-headed hydra
 12783 | Lair:1   | Killed a four-headed hydra
 12783 | Lair:1   | Reached skill level 10 in Spellcasting
 13242 | Lair:2   | Reached *** piety under Sif Muna
 13242 | Lair:2   | Reached XP level 12. HP: 61/86 MP: 26/26
 13740 | Lair:2   | Noticed a death yak
 13747 | Lair:2   | Noticed a death yak
 13772 | Lair:2   | Killed a death yak
 14031 | Lair:2   | Noticed a death yak
 14063 | Lair:2   | Killed a death yak
 14073 | Lair:1   | Killed a death yak
 14601 | Lair:2   | Found a staircase to the Swamp.
 14694 | Lair:2   | HP: 4/87 [porcupine (6)]
 15196 | Lair:2   | HP: 4/130 [killer bee (4)]
 15211 | Lair:2   | Reached **** piety under Sif Muna
 15611 | Lair:3   | HP: 4/88 [wolf (5)]
 15611 | Lair:3   | Slain by a wolf

Skill      XL: |  1  2  3  4  5  6  7  8  9 10 11 12 |
---------------+-------------------------------------+-----
Earth Magic    | 4 5 6 8 11 12 | 12.0
Dodging        | 2 |  2.0
Spellcasting   | 3 4 5 7 10 12 | 12.1
Stealth        | 3 5 6 7 |  7.0
Fighting       | 1 2 3 5 6 |  6.0
Conjurations   | 1 2 4 |  4.0
Staves         | 1 3 4 |  4.0
Shields        | 4 6 7 |  7.7
Evocations     | 3 4 |  4.9
Maces & Flails | |  0.5
Transmutations | |  1.1

Action                   |  1- 3 |  4- 6 |  7- 9 | 10-12 || total
-------------------------+-------+-------+-------+-------++-------
Melee: Mace              |    21 |    19 |       |       ||    40
       Unarmed           |     3 |       |       |       ||     3
       Staff             |       |       |    15 |    35 ||    50
       Short sword       |       |       |     4 |       ||     4
 Cast: Sandblast         |    30 |    37 |   130 |   195 ||   392
       Stone Arrow       |     5 |    19 |    74 |   193 ||   291
       Petrify           |       |       |       |     5 ||     5
Invok: Divine Energy     |       |       |       |     1 ||     1
  Use: Scroll            |       |     5 |    15 |     9 ||    29
       Potion            |       |       |       |    10 ||    10
 Stab: Sleeping          |     1 |     3 |     4 |     1 ||     9
       Petrified         |       |       |       |    10 ||    10
  Eat: Chunk             |     2 |     7 |    12 |     9 ||    30
       Ration            |       |       |     2 |     5 ||     7
Armor: Robe              |     7 |     3 |    12 |    36 ||    58
       Skin              |       |       |       |    50 ||    50
Dodge: Dodged            |    32 |    24 |    39 |   141 ||   236
